 Dungeon Crawl Stone Soup version 0.32-a0-350-g4f4d228785 (webtiles) character file.

Game seed: 12988109411129603403

3847 CougarLife the Geomancer (level 10, 0/50 HPs)
             Began as a Gargoyle Earth Elementalist on Feb 18, 2024.
             Was a Follower of Vehumet.
             Slain by an orc warrior
             ... wielding a +0 glaive
              (25 damage)
             ... in a bailey.
             The game lasted 00:11:36 (8141 turns).

CougarLife the Geomancer (GrEE)                     Turns: 8141, Time: 00:11:37

Health: 0/50       AC: 18    Str: 12    XL:     10   Next: 18%
Magic:  13/22      EV: 11    Int: 25    God:    Vehumet [*.....]
Gold:   358        SH:  0    Dex: 16    Spells: 21/25 levels left

rFire   . . .        q - +2 dagger (venom)
rCold   . . .        (no shield)
rNeg    + . .        s - +1 leather armour "Olemau Vaoph" {Regen+ Int+2}
rPois   ∞            y - +2 helmet {Int+3}
rElec   +            F - +2 cloak
rCorr   .            x - +0 pair of gloves
SInv    .            (no boots)
Will    .....        v - amulet of magic regeneration
Stlth   ++           h - +6 ring of dexterity
HPRegen 1.08/turn    (no ring)
MPRegen 0.58/turn

%: no passive effects
@: no status effects
A: sickness immunity, AC +7, negative energy resistance 1, electricity
resistance, torment resistance 1, petrification resistance
a: Renounce Religion


You were in a bailey.
You worshipped Vehumet.
Vehumet was aware of your devotion.
You visited 2 branches of the dungeon, and saw 11 of its levels.
You also visited: Sewer and Bailey.

You collected 449 gold pieces.
You spent 91 gold pieces at shops.

Inventory:

Hand Weapons
 q - a +2 dagger of venom (weapon)
Missiles
 g - 10 curare-tipped darts
 G - 2 throwing nets
Armour
 s - the +1 leather armour "Olemau Vaoph" (worn) {Regen+ Int+2}
   (You found it on level 3 of the Dungeon)

   Int+2:     It affects your intelligence (+2).
   Regen+:    It increases your rate of health regeneration.
 x - a +0 pair of gloves (worn)
 y - a +2 helmet of intelligence (worn)
 F - a +2 cloak (worn)
Jewellery
 h - a +6 ring of dexterity (left hand)
 o - an amulet of the acrobat
 v - an amulet of magic regeneration (around neck)
Wands
 m - a wand of paralysis (27)
 p - a wand of flame (36)
 r - a wand of roots (3)
Scrolls
 a - a scroll of noise {unknown}
 c - 3 scrolls of teleportation
 f - 2 scrolls of immolation
 n - a scroll of fear {unknown}
 t - a scroll of brand weapon {unknown}
 w - 2 scrolls of enchant weapon
 C - a scroll of blinking {unknown}
 D - a scroll of amnesia {unknown}
Potions
 d - 3 potions of curing
 e - 4 potions of lignification
 i - 3 potions of enlightenment
 j - a potion of attraction {unknown}
 k - a potion of invisibility {unknown}
 l - a potion of might {unknown}
 z - 2 potions of resistance {unknown}
 A - a potion of brilliance {unknown}
 B - 2 potions of ambrosia


   Skills:
 - Level 1.5 Dodging
 - Level 2.1 Stealth
 + Level 8.0 Spellcasting
 + Level 9.1 Conjurations
 + Level 10.5 Earth Magic


You had 21 spell levels left.
You knew the following spells:

 Your Spells              Type           Power      Damage    Failure   Level
a - Sandblast             Erth           100%       2d20      1%          1
b - Stone Arrow           Conj/Erth      100%       3d13      1%          3

Your spell library contained the following spells:

 Spells                   Type           Power      Damage    Failure   Level
 Foxfire                  Conj/Fire      100%       2x1d9     1%          1
 Kiss of Death            Conj/Necr      100%       2d13      1%          1
 Passwall                 Erth           58%        N/A       1%          3
 Brom's Barrelling Bould  Conj/Erth      56%        2d7       1%          4
 Leda's Liquefaction      Alch/Erth      18%        N/A       9%          4
 Petrify                  Alch/Erth      36%        N/A       9%          4
 Confusing Touch          Hex            10%        N/A       22%         3
 Frozen Ramparts          Ice            20%        1d4       22%         3
 Gell's Gravitas          Tloc           10%        N/A       22%         3
 Inner Flame              Hex/Fire       10%        N/A       22%         3
 Teleport Other           Tloc           10%        N/A       22%         3
 Irradiate                Conj/Alch      16%        3d17      32%         5
 Dispel Undead            Necr           10%        3d9       58%         4
 Metabolic Englaciation   Hex/Ice        5%         N/A       91%         5
 Dispersal                Tloc           5%         N/A       100%        6
 Ignition                 Fire           5%         3d4       100%        8


Dungeon Overview and Level Annotations

Branches:
Dungeon (10/15)            Temple (1/1) D:6            Lair (0/5) D:8
  Sewer (visited)          Bailey (1/1)
    Orc: D:9-12

Altars:
Ashenzari
Cheibriados
Dithmenos
Elyvilon
Fedhas
Gozag
Hepliaklqana
Kikubaaqudgha
Makhleb
Nemelex Xobeh
Okawaru
Qazlal
Ru
Sif Muna
Trog
Uskayaw
Vehumet
Wu Jian
Xom
Yredelemnul
Zin
The Shining One

Shops:
D:5 [   D:6 *


Innate Abilities, Weirdness & Mutations

You are immune to sickness and miasma.
Your stone body is resilient. (AC +7)
You are immune to poison.
You resist negative energy. (rN+)
You are resistant to electric shocks. (rElec)
You are resistant to unholy torment.
You are immune to petrification.


Message History

Magic courses through your body.
The orc knight hits you from afar with a +0 glaive!
You feel much better.
The orc warrior shouts!
The orc knight hits you from afar with a +0 glaive.
Casting: Stone Arrow (safe; 1% risk of failure)
Confirm with . or Enter, or press ? or * to list all spells.
Aiming: Stone Arrow (safe; 1% risk of failure)
Press: ? - help, Shift-Dir - straight line, f - orc knight
Aim: an orc knight, wielding a +0 glaive and wearing a +0 chain mail (75% to hit)
The stone arrow misses the orc knight.
The orc knight completely misses you.
Casting: Stone Arrow (safe; 1% risk of failure)
Confirm with . or Enter, or press ? or * to list all spells.
Aiming: Stone Arrow (safe; 1% risk of failure)
Press: ? - help, Shift-Dir - straight line, f/p - orc knight
Aim: an orc knight, wielding a +0 glaive and wearing a +0 chain mail (75% to hit)
The stone arrow hits the orc knight.
The orc knight is lightly wounded.
The orc warrior no longer looks unusually strong.
The orc knight roars a battlecry!
The orc warrior goes into a battle-frenzy!
Casting: Stone Arrow (safe; 1% risk of failure)
Confirm with . or Enter, or press ? or * to list all spells.
Aiming: Stone Arrow (safe; 1% risk of failure)
Press: ? - help, Shift-Dir - straight line, f/p - orc knight
Aim: an orc knight, wielding a +0 glaive and wearing a +0 chain mail (lightly wounded, 75% to hit)
The stone arrow hits the orc knight!
The orc knight is moderately wounded.
The orc knight hits you from afar with a +0 glaive!
Casting: Stone Arrow (safe; 1% risk of failure)
Confirm with . or Enter, or press ? or * to list all spells.
Aiming: Stone Arrow (safe; 1% risk of failure)
Press: ? - help, Shift-Dir - straight line, f/p - orc knight
Aim: an orc knight, wielding a +0 glaive and wearing a +0 chain mail (moderately wounded, 75% to hit)
The stone arrow hits the orc knight!
The orc knight is heavily wounded.
The orc knight hits you from afar with a +0 glaive!
The orc warrior hits you from afar with a +0 glaive!!
Ouch! That really hurt!
You die...

##.♣..≈≈≈≈♣..#$
###.....≈≈≈≈...#.
♣♣♣....♣..≈≈≈≈.♣.##
♣♣.........≈≈≈≈....#
♣.........######...#
♣..∩...........)...#
♣....).....)......)'
♣....o.....)......)'
♣..@.o............)#
♣.........######...#
♣♣......♣..≈≈ ≈....#
♣♣♣...♣♣..≈≈≈≈...##
###.....≈≈≈≈...#.
####..≈≈≈≈≈..#$
#...≈≈≈≈..##


You could see an orc knight and an orc warrior (strong).

Vanquished Creatures
  Grinder (D:3)
  Sigmund (D:5)
  5 yaks (D:10)
  A sky beast (D:5)
  6 orc warriors
  A black bear (D:5)
  2 centaurs
  A phantom (D:5)
  3 kobold brigands
  A bullfrog (D:8)
  A scorpion (D:5)
  4 wights (D:8)
  A howler monkey (D:7)
  2 bombardier beetles
  A gnoll bouda (D:7)
  2 hounds
  2 jellies (D:5)
  4 orc priests
  A sleepcap (D:6)
  Ijyb (D:3)
  Terence (D:3)
  An iguana (D:7)
  Natasha (thrice) (D:3)
  8 orc wizards
  Robin (D:3)
  5 gnolls
  12 adders
  4 river rats
  2 shadow imps
  A white imp (D:6)
  6 dart slugs
  4 ribbon worms
  35 orcs
  5 endoplasms
  A giant cockroach (D:3)
  24 goblins
  4 hobgoblins
  8 jackals
  4 quokkas
  4 ball pythons
  5 bats
  A frilled lizard (D:1)
  10 kobolds
  13 rats
203 creatures vanquished.

Vanquished Creatures (others)
  An orc wizard (D:6)
1 creature vanquished.

Grand Total: 204 creatures vanquished

Notes
Turn   | Place    | Note
-------+----------+-------------------------------------------
     0 | D:1      | CougarLife the Gargoyle Earth Elementalist began the quest
                  | for the Orb.
     0 | D:1      | Reached XP level 1. HP: 10/10 MP: 3/3
   281 | D:1      | Reached XP level 2. HP: 15/15 MP: 3/5
   555 | D:1      | Reached skill level 4 in Earth Magic
   823 | D:1      | Reached XP level 3. HP: 19/19 MP: 3/6
  1168 | D:2      | Reached XP level 4. HP: 24/24 MP: 4/8
  1172 | D:2      | Learned a level 3 spell: Stone Arrow
  2111 | D:3      | Noticed Terence
  2121 | D:3      | Killed Terence
  2169 | D:3      | Reached XP level 5. HP: 22/28 MP: 4/9
  2220 | D:3      | Reached skill level 5 in Earth Magic
  2282 | D:3      | Found a glowing drain.
  2286 | Sewer    | Entered a sewer
  2431 | Sewer    | Noticed a kobold brigand
  2435 | Sewer    | Noticed a kobold brigand
  2436 | Sewer    | Killed a kobold brigand
  2437 | Sewer    | Reached XP level 6. HP: 32/32 MP: 7/11
  2604 | Sewer    | Found a white marble altar of Elyvilon.
  3030 | D:3      | Noticed Natasha
  3034 | D:3      | Killed Natasha
  3054 | D:3      | Noticed Grinder
  3061 | D:3      | Paralysed by Grinder for 4 turns
  3072 | D:3      | Killed Grinder
  3073 | D:3      | Reached skill level 6 in Earth Magic
  3073 | D:3      | Reached XP level 7. HP: 16/36 MP: 3/13
  3333 | D:3      | Noticed Natasha
  3335 | D:3      | Killed Natasha
  3420 | D:3      | Noticed Natasha
  3422 | D:3      | Killed Natasha
  3423 | D:3      | Reached skill level 5 in Conjurations
  3564 | D:3      | Noticed Robin
  3572 | D:3      | Killed Robin
  3829 | D:3      | Noticed Ijyb
  3840 | D:3      | Killed Ijyb
  3937 | D:3      | Identified the +1 leather armour "Olemau Vaoph" {Regen+
                  | Int+2}
  4595 | D:4      | Noticed a +0 dagger
  4595 | D:4      | Noticed a +0 falchion
  4595 | D:4      | Noticed a +0 dagger
  4603 | D:4      | Found a hide-covered altar of Uskayaw.
  4604 | D:4      | Noticed a +0 short sword
  4604 | D:4      | Noticed a +0 spear
  4604 | D:4      | Noticed a +0 short sword
  4604 | D:4      | Noticed a +0 spear
  4606 | D:4      | Noticed a +0 falchion
  5197 | D:5      | Entered Level 5 of the Dungeon
  5209 | D:5      | Reached skill level 5 in Spellcasting
  5233 | D:5      | Reached skill level 7 in Earth Magic
  5233 | D:5      | Reached XP level 8. HP: 41/41 MP: 11/15
  5257 | D:5      | Noticed Sigmund
  5278 | D:5      | Killed Sigmund
  5518 | D:5      | Reached skill level 8 in Earth Magic
  5759 | D:5      | Found Hunin's Armour Shoppe.
  5972 | D:6      | Found Ytuimul's General Store.
  5988 | D:6      | Bought a potion of heal wounds for 65 gold pieces
  5988 | D:6      | Bought a scroll of identify for 26 gold pieces
  6083 | D:6      | Reached XP level 9. HP: 45/45 MP: 16/18
  6182 | D:6      | Found a staircase to the Ecumenical Temple.
  6201 | Temple   | Entered the Ecumenical Temple
  6256 | Temple   | Became a worshipper of Vehumet
  7257 | D:7      | Reached skill level 9 in Earth Magic
  7641 | D:8      | You fall into a shaft and drop 2 floors!
  7641 | D:10     | Entered Level 10 of the Dungeon
  7706 | D:10     | Reached * piety under Vehumet
  7706 | D:10     | Offered knowledge of Foxfire by Vehumet.
  7834 | D:8      | Reached skill level 10 in Earth Magic
  7874 | D:8      | Reached XP level 10. HP: 40/50 MP: 19/21
  7917 | D:8      | Found a flagged portal.
  7928 | Bailey   | Entered a bailey
  8120 | Bailey   | Noticed an orc knight
  8141 | Bailey   | Slain by an orc warrior

Illustrated notes

Levels and vault maps discovered:
D:1:      ncdulo_halloftheorcs, layout_loops_ring, corner_web_ring,
          minmay_tromino_i2
D:2:      layout_loops_ring, amcnicky_mini_pool_small, chequers_big_river,
          kennysheep_generic_room_11
D:3:      kennysheep_goblin_castle, layout_loops_corners,
          lightli_sewer_entry_pipes, uniq_grinder, uniq_terence, uniq_robin,
          uniq_natasha
D:4:      cheibrodos_quashed, layout_basic, nicolae_uskayaw_en_pointe
D:5:      layout_cave_pools, serial_shops, nicolae_shop_statue_plus,
          dk_noncrumbling_2, uniq_sigmund
D:6:      layout_cave_pods, minmay_temple_entry_offerings, serial_shops,
          nicolae_stop_n_shop_1
D:7:      layout_basic
D:8:      hellmonk_crumbling_castle, layout_gridville, lair_entry_dummy,
          enter_bailey_7, serial_rivers, chequers_serial_rivers_large_a,
          chequers_serial_rivers_large_b, chequers_serial_rivers_room_b,
          chequers_serial_rivers_small_a, chequers_serial_rivers_small_3,
          chequers_serial_rivers_room_b
D:9:      layout_basic, nicolae_shop_vocational
D:10:     layout_basic, hellmonk_ghost_happy_afterlife, minmay_lindwurm_lava
Temple:   mainiacjoe_temple_starburst
Bailey:   bailey_polearm_elven_captive_hellmonk, bailey

Skill      XL: |  1  2  3  4  5  6  7  8  9 10 |
---------------+-------------------------------+-----
Earth Magic    | 4 5 6 7 8 10 | 10.5
Conjurations   | 2 3 4 5 7 8 9 |  9.1
Spellcasting   | 3 4 5 6 7 8 |  8.0
Dodging        | |  1.5
Stealth        | |  2.1

Action                     |  1- 3 |  4- 6 |  7- 9 | 10-12 || total
---------------------------+-------+-------+-------+-------++-------
  Melee: Dagger            |       |    79 |     4 |       ||    83
   Cast: Sandblast         |    34 |    73 |   195 |    15 ||   317
         Stone Arrow       |       |     3 |    10 |    19 ||    32
    Use: Scroll            |       |       |     8 |       ||     8
         Potion            |       |       |       |     2 ||     2
 Armour: Robe              |     3 |    57 |    16 |       ||    76
         Leather armour    |       |       |    53 |    14 ||    67
  Dodge: Dodged            |     3 |    33 |    65 |    15 ||   116

Table legend: (Time is in decaauts)
 A = Elapsed time spent in this place.
 B = Non-inter-level travel time spent in this place.
 C = Inter-level travel time spent in this place.
 D = Time resting spent in this place.
 E = Time spent auto-exploring this place.
 F = Levels seen in this place.
 G = Mean time per level.
                   A        B        C        D        E       F      G
               +--------+--------+--------+--------+--------+-----+--------+
         Total |   8382 |   8037 |    345 |    629 |   5921 |  13 |  644.8 |
       Dungeon |   7563 |   7324 |    239 |    430 |   5695 |  10 |  756.3 |
        Temple |    108 |      2 |    106 |      0 |      0 |   1 |  108.0 |
         Sewer |    493 |    493 |      0 |     82 |    226 |   1 |  493.0 |
        Bailey |    216 |    216 |      0 |    117 |      0 |   1 |  216.0 |
               +--------+--------+--------+--------+--------+-----+--------+

Top non-repeatable levels by time:
     D:3: 1807 daAuts
     D:2: 1226 daAuts
     D:1: 920 daAuts
     D:4: 915 daAuts
     D:7: 874 daAuts
     D:6: 776 daAuts
     D:5: 673 daAuts
   Sewer: 493 daAuts
  Bailey: 216 daAuts
    D:10: 179 daAuts
     D:8: 175 daAuts
  Temple: 108 daAuts
     D:9: 13 daAuts
